General information
- name: BNet
- type: Ladder 1vs1/FFA
- host: Battle.net
- saver: GOKUMAN69
map: TwistedMeadows
- players: 2
- length: 66:25
- speed: Fast
- version: 1.21 W3XP
- replay type: Public
» download(187 KB)
Players
team 1 (winner)
GOKUMAN69 (
teal | 50 APM | 3327 actions | 66:25)
9 Blademaster
3 Wind Walk
3 Critical Strike
1 Bladestorm
2 Mirror Image
» actions
| Basic commands | 8 | |
| Build / train | 114 | |
| Enter build submenu | 89 | |
| Enter hero's abilities submenu | 10 | |
| Give item / drop item | 20 | |
| Remove unit from queue | 2 | |
| Right click | 1777 | |
| Select / deselect | 943 | |
| Use ability | 364 | |
3327 total
» units
| Peon | 10 | |
| Troll Batrider | 19 | |
| Wind Rider | 4 | |
| Goblin Zeppelin | 2 | |
| Goblin Shredder | 2 | |
| Ogre Mauler | 1 | |
| Mud Golem | 1 | |
39 total
» upgrades
| Liquid Fire | 1 | |
| Reinforced Defenses | 1 | |
| Ranged Weapons | 3 | |
| Envenomed Spears | 1 | |
| Armor | 3 | |
| Spiked Barricades | 2 | |
| Backpack | 1 | |
| Pillage | 1 | |
| Ensnare | 1 | |
| War Drums Damage Increase | 1 | |
15 total
» buildings
| Altar of Storms | 1 | |
| Orc Burrow | 5 | |
| War Mill | 1 | |
| Watch Tower | 70 | |
| Stronghold | 1 | |
| Voodoo Lounge | 1 | |
| Fortress | 1 | |
| Beastiary | 2 | |
| Great Hall | 8 | |
90 total
» build order
00:05 Altar of Storms
00:23 Orc Burrow
00:40 War Mill
01:52 Watch Tower
02:08 Watch Tower
02:26 Watch Tower
03:07 Stronghold
03:21 Voodoo Lounge
03:28 Watch Tower
04:07 Watch Tower
04:22 Orc Burrow
04:47 Watch Tower
05:05 Orc Burrow
05:39 Fortress
05:42 Beastiary
06:06 Watch Tower
07:02 Orc Burrow
07:23 Watch Tower
08:35 Watch Tower
08:44 Beastiary
09:28 Watch Tower
10:30 Watch Tower
10:38 Watch Tower
14:06 Watch Tower
14:08 Watch Tower
15:34 Watch Tower
15:43 Watch Tower
19:40 Watch Tower
23:00 Great Hall
23:17 Watch Tower
23:18 Watch Tower
23:18 Watch Tower
23:55 Watch Tower
23:56 Watch Tower
24:44 Watch Tower
24:46 Watch Tower
24:48 Watch Tower
25:18 Watch Tower
26:05 Watch Tower
29:13 Watch Tower
29:14 Watch Tower
31:03 Watch Tower
31:06 Watch Tower
31:39 Watch Tower
33:03 Watch Tower
33:09 Watch Tower
33:53 Watch Tower
33:54 Watch Tower
33:56 Watch Tower
33:57 Watch Tower
35:44 Great Hall
36:17 Watch Tower
36:26 Watch Tower
36:27 Watch Tower
36:33 Watch Tower
36:38 Watch Tower
37:37 Great Hall
37:40 Watch Tower
39:00 Watch Tower
39:01 Watch Tower
39:04 Watch Tower
41:23 Watch Tower
41:24 Watch Tower
41:36 Watch Tower
44:51 Watch Tower
44:53 Watch Tower
44:56 Watch Tower
44:57 Watch Tower
44:59 Watch Tower
45:39 Great Hall
46:09 Watch Tower
46:10 Watch Tower
46:11 Watch Tower
46:11 Watch Tower
46:13 Watch Tower
46:13 Watch Tower
46:14 Watch Tower
46:15 Watch Tower
46:17 Watch Tower
48:34 Orc Burrow
49:35 Great Hall
49:38 Watch Tower
49:45 Watch Tower
49:47 Watch Tower
61:32 Great Hall
63:46 Great Hall
64:45 Great Hall
65:12 Watch Tower
65:13 Watch Tower
65:17 Watch Tower
» items
| Healing Salve | 11 | |
| Lesser Clarity Potion | 19 | |
| Potion of Healing | 4 | |
| Scroll of Speed | 3 | |
| Potion of Mana | 5 | |
| Orb of Lightning | 1 | |
43 total
team 2 (loser)
dmG.zumbee (
purple | 69 APM | 4571 actions | 66:23)
3 Demon Hunter
2 Mana Burn
1 Evasion
3 Pandaren Brewmaster
2 Breath of Fire
1 Drunken Haze
» actions
| Assign group hotkey | 51 | |
| Basic commands | 19 | |
| Build / train | 102 | |
| Enter build submenu | 44 | |
| Enter hero's abilities submenu | 6 | |
| Give item / drop item | 3 | |
| Remove unit from queue | 10 | |
| Right click | 2354 | |
| Select / deselect | 691 | |
| Select group hotkey | 1146 | |
| Use ability | 145 | |
4571 total
» units
| Wisp | 35 | |
| Archer | 16 | |
| Glaive Thrower | 1 | |
| Dryad | 4 | |
| Druid of the Claw | 5 | |
| Hippogryph | 10 | |
| Goblin Zeppelin | 1 | |
| Goblin Shredder | 1 | |
73 total
» upgrades
| Druid of the Claw Training | 2 | |
2 total
» buildings
| Altar of Elders | 1 | |
| Moon Well | 9 | |
| Ancient of War | 1 | |
| Tree of Ages | 2 | |
| Hunter's Hall | 1 | |
| Ancient of Wonders | 1 | |
| Ancient Protector | 11 | |
| Ancient of Lore | 2 | |
| Tree of Eternity | 1 | |
| Ancient of Wind | 1 | |
| Tree of Life | 12 | |
42 total
» build order
00:06 Altar of Elders
00:20 Moon Well
00:32 Ancient of War
01:46 Moon Well
02:59 Tree of Ages
02:59 Tree of Ages
04:26 Hunter's Hall
04:30 Ancient of Wonders
04:34 Moon Well
05:37 Ancient Protector
06:53 Ancient Protector
07:07 Ancient Protector
08:38 Ancient of Lore
08:40 Ancient of Lore
09:29 Tree of Eternity
10:28 Moon Well
12:19 Ancient Protector
12:44 Ancient Protector
13:25 Ancient of Wind
13:36 Ancient Protector
15:20 Moon Well
15:22 Moon Well
19:33 Moon Well
20:05 Ancient Protector
24:36 Tree of Life
26:38 Tree of Life
36:42 Ancient Protector
36:45 Ancient Protector
37:03 Ancient Protector
38:16 Tree of Life
38:52 Ancient Protector
40:22 Tree of Life
40:27 Tree of Life
46:09 Moon Well
46:50 Moon Well
51:31 Tree of Life
52:17 Tree of Life
52:45 Tree of Life
52:52 Tree of Life
55:00 Tree of Life
57:47 Tree of Life
65:27 Tree of Life
» items
| Potion of Healing | 5 | |
| Staff of Preservation | 1 | |
| Dust of Appearance | 1 | |
| Scroll of Town Portal | 1 | |
| Orb of Venom | 1 | |
9 total
Chat log
(01:06 / All) dmG.zumbee: gl hf
(04:10 / All) GOKUMAN69: gl hf
(04:19 / All) dmG.zumbee: -_-
(04:20 / All) dmG.zumbee: gl.'
(04:22 / All) dmG.zumbee: no hf.
(04:36 / All) GOKUMAN69: Im having fun
(04:43 / All) dmG.zumbee: i don't see how
(04:54 / All) GOKUMAN69: fun playing a video game
(05:35 / All) GOKUMAN69: dont over stay your welcome by towers
(07:36 / All) GOKUMAN69: dont over stay your welcome
(10:02 / All) GOKUMAN69: wow 3 heros that sucks
(10:57 / All) dmG.zumbee: don't overstay your welcome with dust
(11:08 / All) GOKUMAN69: more towers noob
(11:12 / All) GOKUMAN69: tower noob
(17:13 / All) GOKUMAN69: 4 hero kills nice
(17:21 / All) dmG.zumbee: your a noob
(17:22 / All) GOKUMAN69: btw you got hero
(17:25 / All) GOKUMAN69: zero
(17:31 / All) dmG.zumbee: i have a hero
(17:33 / All) dmG.zumbee: can't you count?
(17:34 / All) dmG.zumbee: i have 2 of them
(17:36 / All) dmG.zumbee: 1 is dead
(17:37 / All) dmG.zumbee: dumbshit
(17:41 / All) GOKUMAN69: I can not
(17:44 / All) GOKUMAN69: IM 7
(17:58 / All) dmG.zumbee: i thought so
(18:17 / All) GOKUMAN69: when you quitin?
(18:23 / All) dmG.zumbee: lawl. when you lsoe
(18:25 / All) dmG.zumbee: lose*
(20:45 / All) GOKUMAN69: 5 hero kilss
(31:12 / All) dmG.zumbee: gg
(31:15 / All) GOKUMAN69: hahaha
(31:20 / All) dmG.zumbee: as in, i win.
(31:23 / All) GOKUMAN69: 5 hero kills
(31:33 / All) GOKUMAN69: ok ill me then
(31:41 / All) dmG.zumbee: not yet
(32:26 / All) GOKUMAN69: only need 32 more xp for 6
(32:32 / All) dmG.zumbee: so what?
(32:34 / All) dmG.zumbee: i have expo
(32:36 / All) dmG.zumbee: you don't
(32:41 / All) GOKUMAN69: yup
(32:46 / All) GOKUMAN69: what about my island retard
(32:49 / All) GOKUMAN69: scan it
(33:46 / All) GOKUMAN69: check it out man
(33:49 / All) GOKUMAN69: my island
(34:28 / All) dmG.zumbee: doesn't matter
(34:29 / All) dmG.zumbee: i
(34:32 / All) dmG.zumbee: we both have expo
(35:58 / All) GOKUMAN69: you cann't win nooby
(37:07 / All) GOKUMAN69: spell shield
(37:10 / All) GOKUMAN69: ghahaha
(37:16 / All) dmG.zumbee: squelched.
(41:04 / All) GOKUMAN69: rush my base or something noob
(45:50 / All) GOKUMAN69: do you just not creep?
(50:29 / All) GOKUMAN69: 7 now
(56:53 / All) GOKUMAN69: what is this rt?
(57:11 / All) GOKUMAN69: have some manner
(57:16 / All) dmG.zumbee: ME?
(57:18 / All) dmG.zumbee: HAVE SOME MANNER?
(57:19 / All) dmG.zumbee: LOL
(57:20 / All) dmG.zumbee: stfu
(57:30 / All) GOKUMAN69: no manner noob
(57:33 / All) dmG.zumbee: the only reason im doing this is BECAUSE YOU HAVE HORRIBLE MANNER
(57:34 / All) GOKUMAN69: who tree hides
(57:41 / All) dmG.zumbee: who towers and turtles
(57:43 / All) GOKUMAN69: manner up and quit retard
(57:57 / All) GOKUMAN69: I have no turtlez
(58:01 / All) dmG.zumbee: stfu
(58:49 / All) GOKUMAN69: I killed your heros 7 times
(59:02 / All) dmG.zumbee: your point?
(59:07 / All) GOKUMAN69: you suck
(59:13 / All) dmG.zumbee: play a real game
(59:16 / All) dmG.zumbee: and i will own you easily
(59:17 / All) GOKUMAN69: I did
(59:21 / All) dmG.zumbee: no
(59:21 / All) dmG.zumbee: towering
(59:23 / All) dmG.zumbee: and massing air
(59:24 / All) dmG.zumbee: is for noob
(59:38 / All) GOKUMAN69: do you have vent?
(59:41 / All) dmG.zumbee: yes
(59:48 / All) GOKUMAN69: I might quit if you tell me too
(59:52 / All) GOKUMAN69: on my vent
(59:59 / All) dmG.zumbee: ok
(60:01 / All) dmG.zumbee: whats your vent
(60:10 / All) GOKUMAN69: vent24.light-speed.com
(60:13 / All) GOKUMAN69: 5109
(60:16 / All) GOKUMAN69: DOTA
(60:18 / All) GOKUMAN69: in caps
(60:21 / All) GOKUMAN69: is the pw
(60:27 / All) GOKUMAN69: vent24.light-speed.com
(60:29 / All) GOKUMAN69: 5109
(60:32 / All) GOKUMAN69: DOTA
(62:04 / All) dmG.zumbee: hmm
(62:07 / All) dmG.zumbee: its not letting me in
(62:09 / All) GOKUMAN69: vent24.light-speed.com
(62:12 / All) GOKUMAN69: 5109
(62:18 / All) GOKUMAN69: the pw is in caps
(62:23 / All) GOKUMAN69: DOTA is the pw
(63:04 / All) GOKUMAN69: Im in tower town
(63:06 / All) dmG.zumbee: ok
(65:58 / All) dmG.zumbee: you leave first.
(66:00 / All) dmG.zumbee: lawl